 Dungeon Crawl Stone Soup version 0.20-a0-1124-g2e29d97 (webtiles) character file.

1800 tyvek the Cutter (level 9, 0/47 HPs)
             Began as a Vine Stalker Fighter on May 15, 2017.
             Was a Follower of Uskayaw.
             Killed from afar by an electric eel (5 damage)
             ... with a bolt of electricity
             ... on level 6 of the Dungeon.
             The game lasted 00:12:06 (4426 turns).

tyvek the Cutter (Vine Stalker Fighter)             Turns: 4426, Time: 00:12:07

Health: 0/47       AC: 14    Str: 22    XL:     9   Next: 9%
Magic:  0/12       EV:  4    Int:  8    God:    Uskayaw [*.....]
Gold:   215        SH: 10    Dex: 14    Spells: 8/8 levels left

rFire    . . .     SeeInvis .   a - +1 rapier
rCold    . . .     Gourm    .   c - +0 shield
rNeg     . . .     Faith    .   b - +0 plate armour
rPois    .         Spirit   +   q - +1 helmet
rElec    .         Reflect  .   (no cloak)
rCorr    .         Harm     .   (no gloves)
MR       +....                  (no boots)
Stlth    ..........             (no amulet)
Regen    0.6/turn               (no ring)
MPRegen  0.2/turn               (no ring)

@: no status effects
A: fangs 3, regeneration 1, magic shield, antimagic bite, no potion heal 3, rot
immunity
a: Stomp, Renounce Religion


You were on level 6 of the Dungeon.
You worshipped Uskayaw.
Uskayaw was noncommittal.
You were not hungry.

You visited 2 branches of the dungeon, and saw 7 of its levels.

You collected 215 gold pieces.


Innate Abilities, Weirdness & Mutations

You have razor-sharp teeth.
Your natural rate of healing is unusually fast.
When hurt, damage is shared between your health and your magic reserves.
Your bite disrupts and absorbs the magic of your enemies.
Potions cannot restore your health.
You are immune to rotting.


   Skills:
 + Level 5.6 Fighting
 + Level 5.7 Short Blades
 + Level 4.7 Armour
 + Level 5.3 Shields
 + Level 3.7 Invocations


You had 8 spell levels left.
You didn't know any spells.

Inventory:

Hand Weapons
 a - a +1 rapier (weapon)
Armour
 b - a +0 plate armour (worn)
 c - a +0 shield (worn)
 q - a +1 helmet (worn)
Scrolls
 e - a scroll of fear
 i - 8 scrolls of teleportation {@r4}
 j - a scroll of remove curse {@r2}
 m - a scroll of immolation {unknown}
 p - 3 scrolls of identify {@r1}
 u - 3 scrolls of recharging
Potions
 d - a potion of might
 h - 2 potions of magic
 k - a potion of mutation {!q}
 l - a potion of lignification {!q}
 n - 4 potions of curing {unknown}
 o - a potion of brilliance
 t - a potion of heal wounds {@q2}
 w - 2 potions of haste {@q3}
Comestibles
 f - 9 bread rations {@e1}
 g - 10 chunks of flesh

Dungeon Overview and Level Annotations

Branches:
Dungeon (6/15)             Temple (1/1) D:4

Altars:
Ashenzari
Cheibriados
Dithmenos
Elyvilon
Fedhas
Gozag
Hepliaklqana
Kikubaaqudgha
Makhleb
Nemelex Xobeh
Okawaru
Qazlal
Ru
Sif Muna
Trog
Uskayaw
Vehumet
Wu Jian
Xom
Yredelemnul
Zin

Shops:
D:5

[ ≈≈≈≈P.. #....#......###
P≈≈≈h≈..# #....#.#....# #
P≈≈≈≈...# #......#..### #
.≈≈≈;≈≈.## #........## #
.≈≈≈≈≈≈..# #.....#### #
.P≈≈≈≈.≈(# #.....# ##
.≈≈≈≈≈≈≈.###....## ######.
≈≈≈≈≈≈≈P........####......
...≈≈≈≈;≈@......#.........
..≈≈P≈≈≈.≈....######......
..≈.o≈≈≈P.P...# #......
#..P≈o≈≈≈≈P..## #......
##.≈≈≈≈P≈P≈### #......
#..≈≈oo≈≈≈≈ #......
.%......≈≈≈≈≈ ........
##.....≈.≈≈≈≈≈ #.#######
#.


You could see an orc warrior, a hound (wandering), 2 electric eels, an orc
wizard and 2 orcs.


Message History

There are monsters nearby!
There are monsters nearby!
The electric eel shoots out a bolt of lightning at you!
The bolt of electricity hits you!
The orc warrior hits the plant with a long sword!
Found a royal jelly.
There are monsters nearby!
You enter the shallow water.
Moving in this stuff is going to be slow.
The orc shouts!
The orc warrior splashes around in the water.
The electric eel shoots out a bolt of lightning at you!
The bolt of electricity hits you!
The bolt of electricity hits the plant. x2
The electric eel shoots out a bolt of lightning at you!
The bolt of electricity hits the electric eel.
The electric eel completely resists.
The bolt of electricity hits you!
* * * LOW HITPOINT WARNING * * *
The bolt of electricity hits the plant.
The orc wizard hits the plant but does no damage.
The orc warrior hits the plant with a long sword!
The electric eel shoots out a bolt of lightning at you!
The bolt of electricity hits the plant.
The bolt of electricity hits you!
* * * LOW HITPOINT WARNING * * *
The orc warrior hits the plant but does no damage.
The electric eel shoots out a bolt of lightning at you!
The bolt of electricity hits the plant.
The bolt of electricity hits you!
* * * LOW HITPOINT WARNING * * *
The electric eel shoots out a bolt of lightning at you!
The bolt of electricity hits you!
You die...

Skill      XL: |  1  2  3  4  5  6  7  8 |
---------------+-------------------------+-----
Short Blades   | 2 3 4 5 |  5.7
Fighting       | 3 4 5 |  5.6
Shields        | 3 4 5 |  5.3
Armour         | 3 4 |  4.7
Invocations    | 1 3 |  3.7

Action                   |  1- 3 |  4- 6 |  7- 9 || total
-------------------------+-------+-------+-------++-------
Melee: Rapier            |    39 |       |   109 ||   148
       Bite              |    16 |    54 |    64 ||   134
       Dagger            |    38 |   223 |    62 ||   323
  Use: Scroll            |       |       |    12 ||    12
 Stab: Paralysed         |       |       |     6 ||     6
  Eat: Chunk             |       |     7 |     5 ||    12
Armor: Scale mail        |    18 |    94 |    36 ||   148
       Chain mail        |       |       |    32 ||    32
       Plate armour      |       |       |    27 ||    27
Dodge: Dodged            |    17 |    64 |    60 ||   141
Block: Shield            |    28 |     9 |    27 ||    64
       Buckler           |       |    35 |    34 ||    69

Vault maps used:
D:1:      eino_arrival_druids_welcome
D:2:      grunt_temple_overflow_order_and_chaos_1,
          chequers_ecumenical_altar_island, first_bread, grunt_ministairs_8
D:3:      led_xom_imps
D:4:      gammafunk_temple_overflow_wave, minmay_temple_entry_glassed_door
D:5:      lemuel_doored_altar, serial_shops, shop
D:6:      basic_altar, minmay_misc_feat_cross, chequers_big_river,
          hangedman_abyss_or_decor_passed, uniq_pikel
Temple:   eino_temple_rhombus

Notes
Turn   | Place    | Note
-------+----------+-------------------------------------------
     0 | D:1      | tyvek the Vine Stalker Fighter began the quest for the Orb.
     0 | D:1      | Reached XP level 1. HP: 11/11 MP: 2/2
   147 | D:1      | Reached XP level 2. HP: 13/16 MP: 3/3
   163 | D:1      | Reached skill level 2 in Short Blades
   181 | D:1      | Reached skill level 3 in Fighting
   504 | D:1      | Reached XP level 3. HP: 20/20 MP: 4/4
   940 | D:2      | Gained mutation: Your natural rate of healing is unusually fast. [Vine Stalker growth]
   940 | D:2      | Reached XP level 4. HP: 19/24 MP: 5/5
  1034 | D:2      | Found a shimmering altar of Xom.
  1036 | D:2      | Noticed an angel
  1040 | D:2      | Reached skill level 3 in Shields
  1042 | D:2      | Found a glowing silver altar of Zin.
  1197 | D:2      | Found a faded altar of an unknown god.
  1256 | D:2      | You fall through a shaft for 2 floors!
  1345 | D:3      | Reached skill level 3 in Short Blades
  1345 | D:3      | Reached XP level 5. HP: 20/28 MP: 6/6
  1685 | D:3      | Reached skill level 3 in Armour
  1866 | D:3      | Found a shimmering altar of Xom.
  1904 | D:3      | Reached XP level 6. HP: 20/33 MP: 7/7
  2053 | D:3      | Reached skill level 4 in Short Blades
  2371 | D:4      | Found a staircase to the Ecumenical Temple.
  2428 | Temple   | Entered the Ecumenical Temple
  2846 | D:4      | Found a basalt altar of Yredelemnul.
  2846 | D:4      | Found a blossoming altar of Fedhas.
  2878 | D:4      | Reached skill level 4 in Fighting
  3089 | D:5      | Entered Level 5 of the Dungeon
  3098 | D:5      | Reached XP level 7. HP: 27/37 MP: 5/8
  3120 | D:5      | Found a hide-covered altar of Uskayaw.
  3176 | D:5      | Became a worshipper of Uskayaw the Reveler
  3222 | D:5      | Reached * piety under Uskayaw
  3229 | D:5      | Reached ** piety under Uskayaw
  3234 | D:5      | Reached *** piety under Uskayaw
  3261 | D:5      | Reached skill level 4 in Shields
  3273 | D:5      | Reached skill level 1 in Invocations
  3274 | D:5      | Reached **** piety under Uskayaw
  3577 | D:5      | Found Xistrick's Antique Armour Shop.
  3705 | D:5      | Gained mutation: You have razor-sharp teeth. [Vine Stalker growth]
  3705 | D:5      | Reached XP level 8. HP: 32/42 MP: 10/10
  3799 | D:6      | Reached skill level 2 in Invocations
  3932 | D:6      | HP: 4/42 [orc warrior/glaive (5)]
  3935 | D:6      | Reached skill level 5 in Short Blades
  3935 | D:6      | Reached skill level 4 in Armour
  4120 | D:6      | Found a white marble altar of Elyvilon.
  4213 | D:6      | Reached skill level 5 in Fighting
  4217 | D:6      | Reached ***** piety under Uskayaw
  4334 | D:6      | Noticed Pikel
  4350 | D:6      | Reached skill level 3 in Invocations
  4353 | D:6      | Killed Pikel
  4353 | D:6      | Reached skill level 5 in Shields
  4353 | D:6      | Reached XP level 9. HP: 47/47 MP: 12/12
  4425 | D:6      | HP: 4/47 [electric eel/bolt of electricity (5)]
  4426 | D:6      | Killed from afar by an electric eel

Vanquished Creatures
  Pikel (D:6)
  An orc warrior (D:6)
  3 slaves (D:6)
  A centaur (D:5)
  An ogre (D:5)
  4 bullfrogs (D:6)
  5 crimson imps
  3 orc priests (D:3)
  3 hounds
  A bullfrog skeleton (D:4)
  An iguana (D:6)
  5 orc wizards
  3 worker ants
  A worker ant zombie (D:5)
  3 gnolls (D:5)
  2 howler monkey skeletons
  4 adders (D:2)
  2 oozes
  A worm (D:2)
  22 orcs
  4 giant cockroaches
  7 hobgoblins
  16 jackals
  5 kobolds
  5 quokkas
  7 bats
  4 frilled lizards
  6 goblins
  10 rats
131 creatures vanquished.

Vanquished Creatures (others)
  A plant (D:6)
1 creature vanquished.

Grand Total: 132 creatures vanquished
